 Dungeon Crawl Stone Soup version 0.31-a0-1589-g8f5e8aebd6 (webtiles) character file.

Game seed: 13445116181994388381

18 Flugslaktarn the Apothecary (level 2, 0/17 HPs)
             Began as an Octopode Alchemist on Jan 6, 2024.
             Slain by an ufetubus (3 damage)
             ... on level 4 of the Dungeon.
             The game lasted 00:00:42 (271 turns).

Flugslaktarn the Apothecary (Octopode Alchemist)     Turns: 271, Time: 00:00:42

Health: 0/17       AC:  1    Str:  7    XL:     2   Next: 70%
Magic:  3/5        EV: 13    Int: 17    God:
Gold:   33         SH:  0    Dex: 12    Spells: 4/5 levels left

rFire   . . .        e - +2 dagger (venom)
rCold   . . .        (no shield)
rNeg    . . .        (helmet restricted)
rPois   .            (no amulet)
rElec   .            m - ring of willpower
rCorr   .            (no ring)
SInv    .            (no ring)
Will    +....        (no ring)
Stlth   +++          (no ring)
HPRegen 0.22/turn    (no ring)
MPRegen 0.09/turn    (no ring)
                     (no ring)

%: no passive effects
@: no status effects
A: almost no armour, amphibious, 8 rings, camouflage 1, gelatinous body 1,
(nimble swimmer 1), tentacles
a: no special abilities


You were on level 4 of the Dungeon.
You visited 1 branch of the dungeon, and saw 4 of its levels.

You collected 33 gold pieces.

Inventory:

Hand Weapons
 d - a +0 short sword
   (You took it off a kobold on level 1 of the Dungeon)
 e - a +2 dagger of venom (weapon)
   (You took it off a kobold on level 1 of the Dungeon)
Jewellery
 m - a ring of willpower (left tentacle)
   (You found it on level 2 of the Dungeon)
Scrolls
 b - a scroll of noise {unknown}
Potions
 a - a potion of magic
 c - a potion of brilliance {unknown}


   Skills:
 - Level 2.0 Dodging
 - Level 2.6 Stealth
 + Level 2.3 Spellcasting
 - Level 1.0 Conjurations
 * Level 4.0 Alchemy


You had 4 spell levels left.
You knew the following spells:

 Your Spells              Type           Power      Damage    Failure   Level
a - Sting                 Conj/Alch      40%        1d5       7%          1

Your spell library contained the following spells:

 Spells                   Type           Power      Damage    Failure   Level
 Mercury Vapours          Alch/Air       16%        N/A       12%         2
 Mephitic Cloud           Conj/Alch/Air  7%         N/A       28%         3
 Olgreb's Toxic Radiance  Alch           15%        N/A       34%         4
 Sticky Flame             Fire/Alch      8%         2d4       63%         4


Dungeon Overview and Level Annotations

Branches:
Dungeon (4/15)
 Temple: D:4-7

Altars:


Innate Abilities, Weirdness & Mutations

You cannot wear most types of armour.
You are amphibious.
You can wear up to eight rings at the same time.
Your skin changes colour to match your surroundings (Stealth+).
Your rubbery body absorbs attacks. (AC +1, EV +1)
((You are camouflaged when in or above water. (Stealth+)))
You have tentacles for arms and can constrict up to eight enemies at once.


Message History

You kill the kobold!
The kobold misses you.
You closely miss the kobold. You grab the kobold. You squeeze the kobold.
You kill the kobold!
No target in view!
No target in view!
You see here a +2 dagger of venom.
Your +2 dagger of venom begins to drip with poison!
e - a +2 dagger of venom (weapon)
There is a stone staircase leading down here.
You climb downwards.
There is a stone staircase leading up here.
Found a stone staircase leading down.
Found an escape hatch in the ceiling.
You now have 33 gold pieces (gained 2).
Found a small bronze ring.
There is a stone staircase leading down here.
You climb downwards.
Found a stone staircase leading up.
There is a stone staircase leading up here.
You climb upwards.
There is a stone staircase leading down here.
A ball python comes into view.
A ball python is nearby!
A ball python is nearby!
m - a ring of willpower A giant cockroach comes into view.
m - a ring of willpower (left tentacle)
There are no items here.
Casting: Sting (safe; 7% risk of failure)
Confirm with . or Enter, or press ? or * to list all spells.
You can't see any susceptible monsters within range! (Use Z to cast anyway.)
Casting: Sting (safe; 7% risk of failure)
Confirm with . or Enter, or press ? or * to list all spells.
Aiming: Sting (safe; 7% risk of failure)
Press: ? - help, Shift-Dir - straight line, f - giant cockroach
Aim: a giant cockroach (71% to hit)
The sting hits the giant cockroach.
The giant cockroach is poisoned.
You kill the giant cockroach!
Your Alchemy skill increases to level 4!
There is a stone staircase leading down here.
You climb downwards.
There is a stone staircase leading up here.
A giant cockroach comes into view.
Found a stone staircase leading down.
A giant cockroach is nearby!
Found a stone staircase leading up.
Casting: Sting (safe; 7% risk of failure)
Confirm with . or Enter, or press ? or * to list all spells.
Aiming: Sting (safe; 7% risk of failure)
Press: ? - help, Shift-Dir - straight line, f - giant cockroach
Aim: a giant cockroach (asleep, 100% to hit)
The sting hits the giant cockroach.
The giant cockroach is poisoned.
The giant cockroach is almost dead.
You kill the giant cockroach!
There is a stone staircase leading down here.
You climb downwards.
You hear the hiss of flowing sand.
There is an entrance to an ossuary on this level.
Hurry and find it before the portal is buried!
There is a stone staircase leading up here.
Magic restored.
An ufetubus comes into view.
An ufetubus is nearby!
The ufetubus shouts!
You hear a shout!
A shadow imp comes into view.
Casting: Sting (safe; 7% risk of failure)
Confirm with . or Enter, or press ? or * to list all spells.
Aiming: Sting (safe; 7% risk of failure)
Press: ? - help, Shift-Dir - straight line, f - ufetubus
Aim: an ufetubus (53% to hit)
The sting misses the ufetubus.
The ufetubus misses you. The ufetubus closely misses you.
Casting: Sting (safe; 7% risk of failure)
Confirm with . or Enter, or press ? or * to list all spells.
Aiming: Sting (safe; 7% risk of failure)
Press: ? - help, Shift-Dir - straight line, f/p - ufetubus
Aim: an ufetubus (53% to hit)
The sting misses the ufetubus.
The ufetubus closely misses you. The ufetubus barely misses you.
You hit the ufetubus but do no damage.
The ufetubus is poisoned.
Your grab misses the ufetubus. The ufetubus hits you. The ufetubus misses you.
The ufetubus slips past you! The ufetubus hits you. The ufetubus misses you.
You hit the ufetubus.
The ufetubus looks even sicker.
Your grab misses the ufetubus.
The ufetubus is moderately wounded.
The ufetubus misses you. The ufetubus closely misses you.
The ufetubus attacks as it pursues you! The ufetubus misses you. x2
The ufetubus hits you. The ufetubus misses you.
You hit the ufetubus. Your grab misses the ufetubus.
The ufetubus is almost dead.
The ufetubus hits you.
* * * LOW HITPOINT WARNING * * *
The ufetubus hits you.
* * * LOW HITPOINT WARNING * * *
The shadow imp misses you.
You closely miss the ufetubus. You grab the ufetubus.
The ufetubus is almost dead.
You constrict the ufetubus, but do no damage.
The ufetubus hits you.
You die...

#.#
#.#
#.#
#.#
#.#
#.#
#.#
#5#
#@#
#5#
#..
#.##
#..
#..
#..
#...


You could see a shadow imp and an ufetubus (very poisoned).

Vanquished Creatures
  2 giant cockroaches
  2 goblins (D:1)
  3 hobgoblins (D:1)
  3 kobolds (D:1)
  2 bats (D:1)
  A frilled lizard (D:1)
  4 rats (D:1)
17 creatures vanquished.

Notes
Turn   | Place    | Note
-------+----------+-------------------------------------------
     0 | D:1      | Flugslaktarn the Octopode Alchemist began the quest for the
                  | Orb.
     0 | D:1      | Reached XP level 1. HP: 11/11 MP: 3/3
   102 | D:1      | Reached XP level 2. HP: 11/17 MP: 0/5
   221 | D:2      | Reached skill level 4 in Alchemy
   271 | D:4      | Slain by an ufetubus

Illustrated notes

Levels and vault maps discovered:
D:1:      evilmike_arrival_hilbert_curve, layout_basic,
          hellmonk_ecumenical_altar_run_dry, patterned_corridor
D:2:      layout_loops_ring, serial_shops, shop
D:3:      layout_rooms, gammafunk_ghost_split
D:4:      layout_basic, mainiacjoe_overflow_alcove_2, serial_demonic,
          serial_demonic_b, serial_demonic_a, serial_demonic_c,
          serial_demonic_d, enter_ossuary_4, uniq_duvessa

Skill      XL: |  1  2 |
---------------+-------+-----
Alchemy        | 4 |  4.0
Dodging        | |  2.0
Stealth        | |  2.6
Spellcasting   | |  2.3
Conjurations   | |  1.0

Action                     || total
---------------------------++-------
  Melee: Unarmed           ||     5
         Short sword       ||    16
         Constrict         ||     8
         Tentacles         ||     5
         Dagger            ||     4
   Cast: Sting             ||    16
 Armour: Skin              ||    15
  Dodge: Dodged            ||    34

Table legend: (Time is in decaauts)
 A = Elapsed time spent in this place.
 B = Non-inter-level travel time spent in this place.
 C = Inter-level travel time spent in this place.
 D = Time resting spent in this place.
 E = Time spent auto-exploring this place.
 F = Levels seen in this place.
 G = Mean time per level.
                   A        B        C        D        E       F      G
               +--------+--------+--------+--------+--------+-----+--------+
         Total |    270 |    267 |      3 |      0 |     92 |   4 |   67.5 |
       Dungeon |    270 |    267 |      3 |      0 |     92 |   4 |   67.5 |
               +--------+--------+--------+--------+--------+-----+--------+

Top non-repeatable levels by time:
     D:1: 146 daAuts
     D:2: 76 daAuts
     D:4: 33 daAuts
     D:3: 13 daAuts
